 Dungeon Crawl Stone Soup version 0.31.0-11-ge490571c62 (webtiles) character file.

Game seed: 6887777024205269426

76210 Flugkiller the Warrior (level 14, -5/158 HPs)
             Began as a Minotaur Fighter on Jan 29, 2024.
             Was the Champion of Jiyva.
             Slain by a 16-headed hydra (11 damage)
             ... on level 13 of the Dungeon.
             The game lasted 00:11:08 (20051 turns).

Flugkiller the Warrior (Minotaur Fighter)          Turns: 20051, Time: 00:11:09

Health: -5/158     AC: 14    Str: 25    XL:     14   Next: 67%
Magic:  0/13       EV: 10    Int:  9    God:    Jiyva [******]
Gold:   595        SH: 15    Dex:  9    Spells: 13/13 levels left

rFire   . . .        D - +0 broad axe
rCold   + . .        c - +0 buckler
rNeg    . . .        x - +3 chain mail
rPois   .            (helmet restricted)
rElec   .            (no cloak)
rCorr   +            n - +0 pair of gloves
SInv    .            (no boots)
Will    +++..        v - amulet of guardian spirit Stlth
                     (no ring)
HPRegen 2.06/turn    (no ring)
MPRegen 0.93/turn

%: guardian spirit
@: no status effects
A: horns 2, retaliatory headbutt, talons 1, large bone plates 3, clever 1, cold
resistance 1, strong-willed 2, robust 1, gelatinous body 1, pseudopods 1,
tendrils, jelly absorbing missiles, noise suppression
}: 1/15 runes: slimy
a: Renounce Religion, Oozemancy, Slimify


You were on level 13 of the Dungeon.
You worshipped Jiyva.
Jiyva was exalted by your worship.
You visited 4 branches of the dungeon, and saw 25 of its levels.
You also visited: Bailey.

You collected 837 gold pieces.
You spent 242 gold pieces at shops.

Inventory:

Hand Weapons
 a - a +0 war axe
 D - a +0 broad axe (weapon)
   (You bought it in a shop on level 2 of the Orcish Mines)
Missiles
 i - 2 throwing nets (quivered)
Armour
 b - a +0 scale mail
 c - a +0 buckler (worn)
 e - a +0 plate armour
   (You took it off an orc warrior in a bailey)
 n - a +0 pair of gloves (worn)
   (You found it on level 5 of the Dungeon)
 o - a +2 pair of boots
   (You found it on level 9 of the Dungeon)
 x - a +3 chain mail (worn)
   (You found it on level 13 of the Dungeon)
Jewellery
 l - an amulet of the acrobat
   (You found it on level 5 of the Dungeon)
 v - an amulet of guardian spirit (around neck)
   (You took it off a centaur on level 10 of the Dungeon)
 y - a ring of fire
   (You found it on level 12 of the Dungeon)
 A - a +6 ring of intelligence
   (You found it on level 12 of the Dungeon)
 C - an amulet of faith
   (You took it off an orc high priest on level 2 of the Orcish Mines)
Wands
 g - a wand of paralysis (14)
   (You found it on level 9 of the Dungeon)
 u - a wand of roots (14)
   (You found it on level 7 of the Dungeon)
Scrolls
 f - 2 scrolls of vulnerability
 k - a scroll of immolation
 m - a scroll of enchant armour
 p - 2 scrolls of fog
 r - 3 scrolls of identify
 z - 2 scrolls of blinking
Potions
 d - a potion of might
 h - a potion of enlightenment
 j - a potion of magic
 q - 2 potions of curing
 s - a potion of degeneration
 t - 2 potions of berserk rage
 w - 5 potions of heal wounds


   Skills:
 * Level 18.4 Fighting
 * Level 18.1 Axes
 + Level 13.1 Armour
 + Level 13.2 Shields


You had 13 spell levels left.
You didn't know any spells.
Your spell library contained the following spells:

 Spells                   Type           Power      Damage    Failure   Level
 Lesser Beckoning         Tloc           0%         N/A       94%         2
 Mercury Vapours          Alch/Air       0%         N/A       94%         2
 Gell's Gravitas          Tloc           0%         N/A       99%         3
 Ozocubu's Armour         Ice            0%         N/A       99%         3
 Summon Ice Beast         Ice/Summ       0%         N/A       99%         3
 Teleport Other           Tloc           0%         N/A       99%         3
 Volatile Blastmotes      Fire/Tloc      0%         2d10      99%         3
 Metabolic Englaciation   Hex/Ice        0%         N/A       100%        5
 Summon Forest            Summ/Tloc      0%         N/A       100%        5
 Summon Mana Viper        Hex/Summ       0%         N/A       100%        5
 Conjure Ball Lightning   Conj/Air       0%         3x3d6     100%        6
 Dispersal                Tloc           0%         N/A       100%        6
 Sculpt Simulacrum        Ice/Alch       0%         N/A       100%        6
 Summon Cactus Giant      Summ           0%         N/A       100%        6
 Monstrous Menagerie      Summ           0%         N/A       100%        7
 Discord                  Hex            0%         N/A       100%        8
 Disjunction              Tloc           0%         N/A       100%        8


Dungeon Overview and Level Annotations

Branches:
Dungeon (13/15)            Temple (0/1) D:4            Lair (5/5) D:8
  Swamp (0/4) Lair:3       Spider (0/4) Lair:3        Slime (5/5) Lair:4
    Orc (2/2) D:12            Elf (0/3) Orc:2        Bailey (visited)
 Vaults: D:13-14

Altars:
Ashenzari
Elyvilon
Fedhas
Kikubaaqudgha
Makhleb
Ru
Trog
Uskayaw
Wu Jian
Xom
Zin
The Shining One
Jiyva

Shops:
D:7 (   D:8 [   D:9 !=:   D:12 [   Orc:1 :   Orc:2 ((*=*

Annotations:
D:6 5 runed translucent doors
Lair:5 exclusion: 3 doors
Slime:5 Royal Jelly


Innate Abilities, Weirdness & Mutations

You have a pair of horns on your head.
You reflexively headbutt those who attack you in melee.
You have sharp toenails.
You are completely covered in large bone plates. (SH +8)
Your mind is acute. (Int +4, Str/Dex -1)
Your flesh is cold resistant. (rC+)
You are highly strong-willed. (Will++)
You are robust. (+10% HP)
Your rubbery body absorbs attacks. (AC +1, EV +1)
Armour fits poorly on your pseudopods.
You are covered in slimy tendrils that may disarm your opponents.
You have a small jelly attached to you that may absorb projectiles.
You passively dampen the noise of your surroundings.


Message History

The 12-headed hydra bites you! The 12-headed hydra closely misses you.
The 12-headed hydra bites you. x2
The 12-headed hydra bites you but does no damage.
The 12-headed hydra bites you. x2
The 12-headed hydra bites you but does no damage.
The 12-headed hydra bites you. The 12-headed hydra barely misses you.
You hit the troll. Your kick misses the troll. Your headbutt misses the troll.
The troll is heavily wounded.
You slice one of the 12-headed hydra's heads off!
The 11-headed hydra grows two more!
You slice the 13-headed hydra!! You barely miss the eight-headed hydra.
You block the troll's attack. x2
The troll claws you but does no damage.
You slash the troll! Your headbutt misses the troll.
You bludgeon the troll, but do no damage.
The troll is almost dead.
You chop one of the 13-headed hydra's heads off!
The 12-headed hydra grows two more!
You slash the 14-headed hydra!
You lop one of the eight-headed hydra's heads off!
The seven-headed hydra grows two more!
You slash the nine-headed hydra!
You block the nine-headed hydra's attack.
The nine-headed hydra barely misses you.
You block the nine-headed hydra's attack.
The nine-headed hydra closely misses you.
The nine-headed hydra bites you.
The nine-headed hydra bites you but does no damage.
The nine-headed hydra closely misses you.
The nine-headed hydra bites you. The nine-headed hydra bites you!
The 14-headed hydra closely misses you. You furiously retaliate!
You headbutt the 14-headed hydra! The 14-headed hydra barely misses you.
The 14-headed hydra bites you but does no damage.
The 14-headed hydra bites you!
The 14-headed hydra bites you but does no damage.
The 14-headed hydra bites you.
The 14-headed hydra bites you but does no damage.
The 14-headed hydra bites you.
The 14-headed hydra bites you but does no damage.
The 14-headed hydra closely misses you.
The 14-headed hydra bites you but does no damage.
The 14-headed hydra barely misses you. x2
The 14-headed hydra bites you but does no damage.
There is an open door here.
A thick mucus forms on your +0 broad axe.
The troll quivers uncontrollably and liquefies into a jelly!
You hit the 14-headed hydra but do no damage.
You block the 14-headed hydra's attack. x2; The 14-headed hydra bites you.
The 14-headed hydra bites you!
The 14-headed hydra bites you but does no damage.
The 14-headed hydra barely misses you.
The 14-headed hydra bites you but does no damage.
The 14-headed hydra bites you.
* * * LOW HITPOINT WARNING * * *
The 14-headed hydra bites you.
* * * LOW HITPOINT WARNING * * *
The 14-headed hydra bites you!
* * * LOW HITPOINT WARNING * * *
The 14-headed hydra closely misses you.
The 14-headed hydra barely misses you. x2
The 14-headed hydra bites you.
* * * LOW HITPOINT WARNING * * *
Something bites the jelly! x2
The jelly dies!
The troll returns to its original shape as it dies.
You don't have enough magic at the moment.
You slice one of the 14-headed hydra's heads off!
The 13-headed hydra grows two more!
You slash the 15-headed hydra! You claw the 15-headed hydra.
You headbutt the 15-headed hydra!
Your bludgeon misses the 15-headed hydra.
The 15-headed hydra is severely wounded.
The 15-headed hydra bites you but does no damage.
The 15-headed hydra barely misses you. You block the 15-headed hydra's attack.
The 15-headed hydra closely misses you. The 15-headed hydra bites you.
* * * LOW HITPOINT WARNING * * *
You block the 15-headed hydra's attack. The 15-headed hydra bites you!
* * * LOW HITPOINT WARNING * * *
The 15-headed hydra bites you.
* * * LOW HITPOINT WARNING * * *
The 15-headed hydra bites you but does no damage. x2
The 15-headed hydra bites you.
* * * LOW HITPOINT WARNING * * *
The 15-headed hydra bites you!
* * * LOW HITPOINT WARNING * * *
The 15-headed hydra bites you but does no damage. x3
You hack one of the 15-headed hydra's heads off!
The 14-headed hydra grows two more!
You hit the 16-headed hydra. You claw the 16-headed hydra!
The 16-headed hydra is severely wounded.
The 16-headed hydra bites you but does no damage.
The 16-headed hydra bites you.
* * * LOW HITPOINT WARNING * * *
The 16-headed hydra bites you but does no damage.
The 16-headed hydra barely misses you.
The 16-headed hydra bites you but does no damage.
The 16-headed hydra bites you.
* * * LOW HITPOINT WARNING * * *
You block the 16-headed hydra's attack.
The 16-headed hydra bites you but does no damage.
The 16-headed hydra closely misses you. The 16-headed hydra bites you.
* * * LOW HITPOINT WARNING * * *
You block the 16-headed hydra's attack. The 16-headed hydra barely misses you.
The 16-headed hydra bites you!
You die...

#.)......# #$.......#
#........# +........#
#........# #........#
#........# ###†######
#DD@..# #####.#####
#+####### #.........#
.......)# #.........#
........# #.........#
.......)#### #)........#
.......))..# #[........#
.......)##.###..>......#
........##..##.........#


You could see a 16-headed hydra and a nine-headed hydra.

Vanquished Creatures
  A stone giant (Orc:2)
  A hydra (D:12)
  2 ogre magi (Orc:2)
  2 boulder beetles
  9 two-headed ogres
  A tengu warrior (D:12)
  6 death yaks
  An orc high priest (Orc:2)
  A spectral death yak (Lair:5)
  2 deep trolls (Orc:2)
  An orc knight (Orc:2)
  Pikel (D:9)
  A wolf spider (Lair:3)
  A manticore (D:13)
  A cyclops (D:12)
  10 black mambas
  2 ugly things
  3 kobold blastminers
  22 elephants
  An unseen horror (D:12)
  A gargoyle (D:13)
  A torpor snail (Lair:3)
  10 cane toads
  2 kobold demonologists (D:9)
  15 komodo dragons
  3 rime drakes
  10 trolls
  2 polar bears
  10 blink frogs
  5 dream sheep (Lair:4)
  5 shadows
  5 wyverns
  A wraith (D:6)
  43 yaks
  5 basilisks
  6 wargs
  A steam dragon (D:6)
  7 vampire mosquitoes
  An acid dragon (D:8)
  9 water moccasins
  30 orc warriors
  3 sky beasts
  An ice beast (D:5)
  A black bear (D:6)
  5 centaurs
  20 ogres
  4 wolves (Orc:1)
  A lemure (D:9)
  2 phantoms (D:5)
  2 kobold brigands (D:9)
  Blork the orc (D:6)
  11 bullfrogs
  3 scorpions
  3 gnoll sergeants
  7 wights
  9 killer bees
  A howler monkey (D:7)
  2 electric eels (Lair:1)
  A lava snake (D:9)
  4 hounds
  13 orc priests
  4 iguanas
  Jessica (D:2)
  3 sleepcaps
  17 orc wizards
  19 gnolls
  6 adders
  A river rat (D:5)
  2 white imps
  2 dart slugs
  89 orcs
  A bat zombie (D:3)
  2 endoplasms (D:1)
  2 giant cockroaches
  9 goblins
  7 hobgoblins
  3 quokkas
  5 ball pythons
  5 bats
  4 frilled lizards
  A frilled lizard zombie (D:3)
  7 kobolds
  A rat (D:5)
  A spectral kobold (D:1)
527 creatures vanquished.

Vanquished Creatures (others)
  A cyclops (Orc:2)
  A blink frog (Lair:1)
  A jumping spider (Lair:3)
  Menkaure (D:6)
  Duvessa (D:6)
  A water moccasin (Lair:4)
  4 centaurs
  A kobold brigand (D:8)
  A scorpion (D:4)
  A bullfrog (Lair:4)
  Dowan (D:6)
  A killer bee (D:8)
  A howler monkey (D:5)
  A bombardier beetle (D:6)
  3 hounds
  57 jellies
  3 orc priests
  2 iguanas
  An orc wizard (Orc:2)
  3 adders
  2 river rats (D:5)
  A white imp (D:7)
  A dart slug (D:2)
  4 ribbon worms
  16 orcs
  3 ball pythons
  2 bats
  2 endoplasms
  A giant cockroach (D:4)
  2 goblins
  A hobgoblin (D:3)
  3 quokkas
  2 frilled lizards
  5 kobolds
  3 rats
134 creatures vanquished.

Grand Total: 661 creatures vanquished

Notes
Turn   | Place    | Note
-------+----------+-------------------------------------------
     0 | D:1      | Flugkiller the Minotaur Fighter began the quest for the
                  | Orb.
     0 | D:1      | Reached XP level 1. HP: 19/19 MP: 0/0
    61 | D:1      | Found a faded altar of an unknown god.
   109 | D:1      | Reached XP level 2. HP: 27/27 MP: 1/1
   128 | D:1      | Prayed at the altar of an unknown god.
   128 | D:1      | Became a worshipper of Jiyva Jaog the Shapeless
   128 | D:1      | Reached * piety under Jiyva
   708 | D:2      | Reached ** piety under Jiyva
   730 | D:2      | Noticed Jessica
   735 | D:2      | Killed Jessica
   736 | D:2      | Reached XP level 3. HP: 30/34 MP: 2/2
  1750 | D:3      | Found an ancient bone altar of Kikubaaqudgha.
  1833 | D:3      | Reached *** piety under Jiyva
  1981 | D:3      | Gained mutation: Your flesh is cold resistant. (rC+)
                  | [Jiyva's grace]
  1981 | D:3      | Gained mutation: Your flesh is very cold resistant. (rC++)
                  | [Jiyva's grace]
  1981 | D:3      | Gained mutation: Your flesh is almost immune to the effects
                  | of cold. (rC+++) [Jiyva's grace]
  1981 | D:3      | Gained mutation: You have a small jelly attached to you
                  | that senses nearby items. [Jiyva's grace]
  2275 | D:3      | Reached XP level 4. HP: 41/41 MP: 3/3
  2310 | D:3      | Noticed a scorpion
  2316 | D:3      | Killed a scorpion
  2317 | D:3      | Reached skill level 5 in Fighting
  2356 | D:3      | Reached XP level 5. HP: 48/48 MP: 4/4
  2681 | D:4      | Identified the +10 flail of Bloodstone {elec, Str+2 Dex+2}
  2792 | D:4      | Found a staircase to the Ecumenical Temple.
  2837 | D:4      | Reached **** piety under Jiyva
  2924 | D:4      | Reached XP level 6. HP: 31/56 MP: 5/5
  3058 | D:4      | Reached skill level 5 in Axes
  3532 | D:5      | Entered Level 5 of the Dungeon
  3536 | D:5      | Noticed an ice beast
  3545 | D:5      | Killed an ice beast
  3546 | D:5      | Reached skill level 5 in Shields
  3566 | D:5      | Noticed a sky beast
  3579 | D:5      | Killed a sky beast
  3580 | D:5      | Reached skill level 5 in Armour
  3580 | D:5      | Reached XP level 7. HP: 43/64 MP: 6/6
  3645 | D:5      | Found a sacrificial altar of Ru.
  3645 | D:5      | Reached ***** piety under Jiyva
  3814 | D:5      | Gained mutation: You passively dampen the noise of your
                  | surroundings. [Jiyva's grace]
  3814 | D:5      | Gained mutation: You have sharp toenails. [Jiyva's grace]
  3814 | D:5      | Gained mutation: You have razor-sharp toenails. [Jiyva's
                  | grace]
  3814 | D:5      | Gained mutation: You have claws for feet. [Jiyva's grace]
  4756 | D:6      | Found a runed translucent gate.
  4756 | D:6      | Found a runed translucent gate.
  4756 | D:6      | Found a runed translucent door.
  4763 | D:6      | Found the +9 staff of Olgreb {rPois∞}
  4794 | D:6      | Reached XP level 8. HP: 73/73 MP: 7/7
  4939 | D:6      | Killed Menkaure
  5051 | D:6      | Noticed a troll
  5062 | D:6      | Killed a troll
  5068 | D:6      | Found a bloodstained altar of Trog.
  5198 | D:6      | Noticed Blork the orc
  5204 | D:6      | Killed Blork the orc
  5256 | D:6      | Found a runed translucent gate.
  5268 | D:6      | Found a runed translucent door.
  5284 | D:6      | Killed Duvessa
  5317 | D:6      | Killed Dowan
  5361 | D:6      | Reached ****** piety under Jiyva
  5869 | D:6      | Reached XP level 9. HP: 82/83 MP: 8/8
  6009 | D:7      | Found a shimmering altar of Xom.
  6009 | D:7      | Found an ornate altar of the Wu Jian Council.
  6029 | D:7      | Lost mutation: Your flesh is almost immune to the effects
                  | of cold. (rC+++) [Jiyva's grace]
  6029 | D:7      | Gained mutation: You are robust. (+10% HP) [Jiyva's grace]
  6029 | D:7      | Gained mutation: You are very robust. (+20% HP) [Jiyva's
                  | grace]
  6029 | D:7      | Gained mutation: You are extremely robust. (+30% HP)
                  | [Jiyva's grace]
  6029 | D:7      | Gained mutation: You have an increased reservoir of magic.
                  | (+10% MP) [Jiyva's grace]
  6035 | D:7      | Found a flagged portal.
  6044 | Bailey   | Entered a bailey
  6050 | Bailey   | Lost mutation: You have a small jelly attached to you that
                  | senses nearby items. [potion of mutation]
  6050 | Bailey   | Lost mutation: You have an increased reservoir of magic.
                  | (+10% MP) [potion of mutation]
  6050 | Bailey   | Lost mutation: Your flesh is very cold resistant. (rC++)
                  | [potion of mutation]
  6050 | Bailey   | Lost mutation: You are extremely robust. (+30% HP) [potion
                  | of mutation]
  6050 | Bailey   | Gained mutation: You are somewhat resistant to further
                  | mutation. [potion of mutation]
  6298 | Bailey   | Reached skill level 10 in Fighting
  6547 | D:7      | Found a white marble altar of Elyvilon.
  6667 | D:7      | Found Dori's Antique Weapon Shoppe.
  6676 | D:7      | Found a glowing silver altar of Zin.
  7308 | D:8      | Found Zimebb's Armour Boutique.
  7364 | D:8      | Reached skill level 10 in Axes
  7430 | D:8      | Found a glowing golden altar of the Shining One.
  7476 | D:8      | Found a broken altar of Ashenzari.
  7641 | D:8      | Noticed a komodo dragon
  7648 | D:8      | Killed a komodo dragon
  7649 | D:8      | Reached XP level 10. HP: 56/112 MP: 9/9
  7754 | D:8      | Found a burning altar of Makhleb.
  7756 | D:8      | Noticed a cacodemon
  7789 | D:8      | Found a blossoming altar of Fedhas.
  8138 | D:8      | Found a staircase to the Lair.
  8166 | Lair:1   | Entered Level 1 of the Lair of Beasts
  8178 | Lair:1   | Noticed a boulder beetle
  8204 | Lair:1   | Killed a boulder beetle
  8249 | Lair:1   | Lost mutation: You have claws for feet. [Jiyva's grace]
  8249 | Lair:1   | Lost mutation: You have razor-sharp toenails. [Jiyva's
                  | grace]
  8249 | Lair:1   | Lost mutation: You have sharp toenails. [Jiyva's grace]
  8249 | Lair:1   | Gained mutation: You have large cloven feet. [Jiyva's
                  | grace]
  8249 | Lair:1   | Gained mutation: You have hoof-like feet. [Jiyva's grace]
  8249 | Lair:1   | Gained mutation: You have hooves in place of feet. [Jiyva's
                  | grace]
  8249 | Lair:1   | Gained mutation: You are covered in slimy tendrils that may
                  | disarm your opponents. [Jiyva's grace]
  8357 | Lair:1   | Noticed a black mamba
  8366 | Lair:1   | Killed a black mamba
  8455 | Lair:1   | Noticed a cane toad
  8461 | Lair:1   | Killed a cane toad
  8510 | Lair:2   | Reached XP level 11. HP: 118/126 MP: 10/10
  8853 | Lair:4   | Found a viscous altar of Jiyva.
  8854 | Lair:4   | HP: 5/128 [black mamba (7)]
  8856 | Lair:4   | Found a staircase to the Slime Pits.
  8862 | Slime:1  | Entered Level 1 of the Pits of Slime
  8862 | Slime:1  | Noticed an azure jelly
  8869 | Slime:1  | Noticed a rockslime
  8892 | Slime:2  | Noticed an azure jelly
  8900 | Slime:2  | Noticed an azure jelly
  8937 | Slime:2  | Noticed an azure jelly
  8951 | Slime:3  | Noticed a shining eye
  8952 | Slime:3  | Noticed a quicksilver ooze
  8953 | Slime:3  | Noticed a rockslime
  8955 | Slime:3  | Noticed a quicksilver ooze
  8956 | Slime:3  | Noticed an acid blob
  8960 | Slime:3  | Noticed a quicksilver ooze
  8960 | Slime:3  | Noticed a great orb of eyes
  8970 | Slime:4  | Noticed an acid blob
  8982 | Slime:5  | Entered Level 5 of the Pits of Slime
  9058 | Slime:5  | Noticed an acid blob
  9062 | Slime:5  | Found a viscous altar of Jiyva.
  9064 | Slime:5  | Noticed an acid blob
  9065 | Slime:5  | Noticed an azure jelly
  9065 | Slime:5  | Noticed a rockslime
  9070 | Slime:5  | Noticed an acid blob
  9070 | Slime:5  | Noticed an acid blob
  9076 | Slime:5  | Identified the +5 flail of Crawling {heavy, MP+9}
  9078 | Slime:5  | Got a slimy rune of Zot
  9085 | Slime:5  | Noticed a shining eye
  9086 | Slime:5  | Noticed an acid blob
  9097 | Slime:5  | Identified the +1 halberd "Arunibo" {protect, rElec Str-4
                  | Dex+5 SInv}
  9098 | Slime:5  | Identified the +5 whip "Baely" {freeze, Str+4}
  9099 | Slime:5  | Identified the staff "Weimix" {^Contam rElec Int+3 Summ
                  | Air}
  9109 | Slime:5  | Noticed a great orb of eyes
  9119 | Slime:5  | Got Sif Muna's Incunabulum of Wanderlust and the Catalyst
  9127 | Slime:5  | Noticed an acid blob
  9135 | Slime:5  | Noticed the Royal Jelly
  9136 | Slime:5  | Noticed an acid blob
  9145 | Slime:5  | Noticed a shining eye
  9218 | Slime:4  | Noticed a quicksilver ooze
  9218 | Slime:4  | Noticed a great orb of eyes
  9226 | Slime:3  | Noticed a great orb of eyes
  9227 | Slime:3  | Noticed a quicksilver ooze
  9227 | Slime:3  | Noticed a quicksilver ooze
  9249 | Slime:2  | Noticed a shining eye
  9253 | Slime:2  | Noticed an acid blob
  9407 | Lair:4   | Reached skill level 10 in Shields
  9411 | Lair:4   | Reached skill level 10 in Armour
  9649 | Lair:4   | Reached XP level 12. HP: 121/140 MP: 11/11
  9694 | Lair:4   | Lost mutation: You have hooves in place of feet. [Jiyva's
                  | grace]
  9694 | Lair:4   | Lost mutation: You are very robust. (+20% HP) [Jiyva's
                  | grace]
  9694 | Lair:4   | Gained mutation: Your mind is acute. (Int +4, Str/Dex -1)
                  | [Jiyva's grace]
  9694 | Lair:4   | Gained mutation: Your mind is very acute. (Int +8, Str/Dex
                  | -2) [Jiyva's grace]
  9694 | Lair:4   | Gained mutation: Your body has grown eyes which may confuse
                  | attackers. (Acc +3) [Jiyva's grace]
  9694 | Lair:4   | Gained mutation: Your body has grown many eyes which may
                  | confuse attackers. (Acc +5) [Jiyva's grace]
 10051 | Lair:5   | Entered Level 5 of the Lair of Beasts
 10225 | Lair:5   | Noticed a dire elephant
 10225 | Lair:5   | Noticed a dire elephant
 10258 | Lair:5   | Reached skill level 15 in Fighting
 10514 | Lair:5   | Reached skill level 15 in Axes
 10850 | Lair:5   | Noticed a death yak
 10851 | Lair:5   | Noticed a death yak
 10852 | Lair:5   | Noticed a death yak
 10852 | Lair:5   | Noticed a death yak
 10854 | Lair:5   | Noticed a death yak
 10862 | Lair:5   | Killed a death yak
 10864 | Lair:5   | Killed a death yak
 10865 | Lair:5   | Reached XP level 13. HP: 120/140 MP: 12/12
 11995 | D:9      | Found Xoatuf's Distillery.
 12031 | D:9      | Bought 2 potions of heal wounds for 130 gold pieces
 12067 | D:9      | Found Cinac's Jewellery Shoppe.
 12195 | D:9      | Found a hide-covered altar of Uskayaw.
 12262 | D:9      | Found Zaeplakh's Book Emporium.
 12343 | D:9      | Noticed Pikel
 12354 | D:9      | Killed Pikel
 12523 | D:10     | Entered Level 10 of the Dungeon
 12529 | D:10     | Lost mutation: Your mind is very acute. (Int +8, Str/Dex
                  | -2) [Jiyva's grace]
 12529 | D:10     | Lost mutation: Your mind is acute. (Int +4, Str/Dex -1)
                  | [Jiyva's grace]
 12529 | D:10     | Lost mutation: Your body has grown many eyes which may
                  | confuse attackers. (Acc +5) [Jiyva's grace]
 12529 | D:10     | Gained mutation: Your mind is acute. (Int +4, Str/Dex -1)
                  | [Jiyva's grace]
 12529 | D:10     | Gained mutation: Your mind is very acute. (Int +8, Str/Dex
                  | -2) [Jiyva's grace]
 12529 | D:10     | Gained mutation: You are very robust. (+20% HP) [Jiyva's
                  | grace]
 12529 | D:10     | Gained mutation: You are extremely robust. (+30% HP)
                  | [Jiyva's grace]
 14585 | D:12     | Lost mutation: Your mind is very acute. (Int +8, Str/Dex
                  | -2) [Jiyva's grace]
 14585 | D:12     | Lost mutation: You are somewhat resistant to further
                  | mutation. [Jiyva's grace]
 14585 | D:12     | Gained mutation: You are strong-willed. (Will+) [Jiyva's
                  | grace]
 14585 | D:12     | Gained mutation: You are highly strong-willed. (Will++)
                  | [Jiyva's grace]
 14585 | D:12     | Gained mutation: You are extremely strong-willed. (Will+++)
                  | [Jiyva's grace]
 14585 | D:12     | Gained mutation: You have a small jelly attached to you
                  | that may absorb projectiles. [Jiyva's grace]
 14746 | D:12     | Found Alarulij's Armour Emporium.
 14747 | D:12     | Found a staircase to the Orcish Mines.
 15099 | Orc:1    | Entered Level 1 of the Orcish Mines
 15115 | Orc:1    | Noticed an orc warlord
 15206 | Orc:1    | Slimified an orc warlord
 15206 | Orc:1    | an orc warlord changed into a slime creature
 15384 | Orc:1    | Found Jurr's Book Shop.
 15788 | Orc:2    | Entered Level 2 of the Orcish Mines
 15900 | Orc:2    | Found a staircase to the Elven Halls.
 16055 | Orc:2    | Reached XP level 14. HP: 100/182 MP: 9/13
 16364 | Orc:2    | Found Fuckitig's Jewellery Emporium.
 16376 | Orc:2    | Found Uraovo's General Store.
 16378 | Orc:2    | Found Kuefo's Weapon Emporium.
 16380 | Orc:2    | Found Rudyxt's Antique Weapon Shop.
 16419 | Orc:2    | Noticed a stone giant
 16441 | Orc:2    | Killed a stone giant
 16455 | Orc:2    | Lost mutation: You have hoof-like feet. [Jiyva's grace]
 16455 | Orc:2    | Lost mutation: You are extremely robust. (+30% HP) [Jiyva's
                  | grace]
 16455 | Orc:2    | Lost mutation: You have large cloven feet. [Jiyva's grace]
 16455 | Orc:2    | Gained mutation: You have sharp toenails. [Jiyva's grace]
 16455 | Orc:2    | Gained mutation: You have razor-sharp toenails. [Jiyva's
                  | grace]
 16455 | Orc:2    | Gained mutation: You have claws for feet. [Jiyva's grace]
 16455 | Orc:2    | Gained mutation: Armour fits poorly on your pseudopods.
                  | [Jiyva's grace]
 16495 | Orc:2    | Found Ciheuhe's Commerce Corner.
 17057 | Orc:2    | Bought a broad axe for 112 gold pieces
 18258 | Lair:2   | You fall into a shaft and drop 1 floor!
 18461 | Lair:3   | Found a hole to the Spider Nest.
 18471 | Lair:3   | Lost mutation: You have claws for feet. [Jiyva's grace]
 18471 | Lair:3   | Lost mutation: You have razor-sharp toenails. [Jiyva's
                  | grace]
 18471 | Lair:3   | Lost mutation: You are extremely strong-willed. (Will+++)
                  | [Jiyva's grace]
 18471 | Lair:3   | Lost mutation: You are very robust. (+20% HP) [Jiyva's
                  | grace]
 18471 | Lair:3   | Lost mutation: Your body has grown eyes which may confuse
                  | attackers. (Acc +3) [Jiyva's grace]
 18471 | Lair:3   | Gained mutation: You are partially covered in large bone
                  | plates. (SH +4) [Jiyva's grace]
 18471 | Lair:3   | Gained mutation: You are mostly covered in large bone
                  | plates. (SH +6) [Jiyva's grace]
 18471 | Lair:3   | Gained mutation: You are completely covered in large bone
                  | plates. (SH +8) [Jiyva's grace]
 18471 | Lair:3   | Gained mutation: Your rubbery body absorbs attacks. (AC +1,
                  | EV +1) [Jiyva's grace]
 18542 | Lair:3   | Found a staircase to the Swamp.
 20051 | D:13     | HP: 6/158 [16-headed hydra (3)]
 20051 | D:13     | Slain by a 16-headed hydra

Illustrated notes

Levels and vault maps discovered:
D:1:      mainiacjoe_arrival_oval_in_oval, layout_rooms,
          dreamdust_ecumenical_altar_drowned_temple, chequers_decorated_corner
D:2:      wad_pebble_path, layout_basic, corexii_item_surrounded_by_moat,
          uniq_jessica
D:3:      layout_loops_corners, lemuel_zombie_altar_kikubaaqudgha
D:4:      minmay_bubble_buster, layout_basic, minmay_temple_entry_tees
D:5:      layout_loops_cross, nicolae_ru_awakened_eye, serial_co_window_serial,
          co_window_of_opportunity_a, co_window_paths_b,
          co_window_of_opportunity_a, co_window_corner_a, co_window_paths_a,
          co_window_of_opportunity_a, co_window_corner_a, co_window_corner_a,
          co_window_corner_a, co_window_broadway_c, co_window_broadway_b,
          co_window_broadway_b, glass_columns_c, glass_columns_a,
          glass_columns_a, glass_columns_c, lightli_sewer_entry_pipes,
          serial_library_hellmonk_double_dead_end
D:6:      layout_gridville, trog_butcher_becter, nicolae_overflow_hidden_temple,
          chequers_garden, minmay_guarded_unrand_staff_of_olgreb, uniq_menkaure,
          uniq_duvessa, uniq_blork_the_orc
D:7:      layout_rooms, lemuel_coloured_pillars_altar,
          nicolae_overflow_two_pavilions, zin_academy, serial_shops, shop,
          enter_bailey_3, nicolae_benzene_ring, serial_bayou_pond_d,
          minmay_holes, minivault_27, chequers_mini_garden,
          dreamdust_princess_corridor, st_stairs_9, minmay_misc_feat_nine_boxes
D:8:      layout_basic, ashenzari_altar_1, makhleb_altar_promises_db,
          mainiacjoe_overflow_catwalk_spiral, erik_lair_dragon, serial_shops,
          nicolae_shop_crystal
D:9:      layout_long_grid, nicolae_uskayaw_suspiria, serial_shops,
          nicolae_diamond_shop, nicolae_shop_temple_entry_statues_fountains,
          kennysheep_mini, uniq_pikel
D:10:     layout_basic
D:11:     layout_loops_corners
D:12:     layout_big_octagon, orc_david_3
D:13:     layout_roguey, nzn_wu_jian_council_hall, uniq_lodul
Lair:1:   layout_small_grid, lemuel_fruit_tree, serial_bayou_shore_a
Lair:2:   layout_chaotic_city
Lair:3:   layout_misc_corridors, minmay_swamp_entry_swarm,
          spider_nest_entry_rubble
Lair:4:   layout_concentric_octagons, slime_entry_1, infiniplex_staircase_pool,
          grunt_megastairs_3
Lair:5:   due_jungle_book, layout_big_grid, chequers_serial_rivers_micro_a
Slime:1:  nicolae_slime_jelly_donut, layout_caves
Slime:2:  layout_caves
Slime:3:  layout_caves, special_room [special_room_jelly],
          nicolae_slime_getting_an_eyeful
Slime:4:  layout_caves
Slime:5:  slime_pit_nicolae_trefoil
Orc:1:    layout_caves, serial_shops, nicolae_book_shop_shelving, basic_altar,
          regret_index_minedec_shroomtown_chain, mines5_lemuel
Orc:2:    st_orc_open, layout_caves, nicolae_alphabet_shops,
          nicolae_orc_seminary

Skill      XL: |  1  2  3  4  5  6  7  8  9 10 11 12 13 14 |
---------------+-------------------------------------------+-----
Fighting       | 4 5 6 7 9 10 12 14 15 17 18 | 18.4
Axes           | 3 4 5 6 8 10 12 13 15 17 18 | 18.1
Shields        | 4 5 6 7 9 10 11 12 13 | 13.2
Armour         | 4 5 6 7 8 10 11 12 13 | 13.1

Action                     |  1- 3 |  4- 6 |  7- 9 | 10-12 | 13-15 || total
---------------------------+-------+-------+-------+-------+-------++-------
  Melee: War axe           |    59 |    76 |   273 |   412 |   644 ||  1464
         Headbutt          |    11 |    13 |    47 |   104 |   198 ||   373
         Kick              |       |       |    75 |   189 |    83 ||   347
         Broad axe         |       |       |       |       |   148 ||   148
         Pseudopods        |       |       |       |       |    31 ||    31
 Invoke: Oozemancy         |       |       |       |     1 |     1 ||     2
         Slimify           |       |       |       |       |     2 ||     2
    Use: Scroll            |       |     4 |     1 |     3 |     7 ||    15
         Potion            |       |       |     9 |     1 |       ||    10
   Stab: Confused          |       |       |       |     3 |    13 ||    16
 Armour: Scale mail        |    48 |    55 |   172 |       |       ||   275
         Plate armour      |       |       |    64 |   411 |   653 ||  1128
         Chain mail        |       |       |       |       |    68 ||    68
  Dodge: Dodged            |    18 |    30 |   206 |   161 |   215 ||   630
  Block: Buckler           |    12 |    15 |    61 |   104 |   263 ||   455
